PCL
HOUSTON HAMMERTIME @ DISTRICT 9 PRAWNS
07/25/2023
 
TOP OF THE 1ST
Houston Hammertime batting - Pitching for District 9 Prawns : RHP Bill McKinney
Pitching: RHP Bill McKinney
Batting: RHB John Pick 0-0: Called Strike
0-1: Swinging Strike
0-2: Foul Ball, location: 2F
0-2: Ball
1-2: Foul Ball, location: 2F
1-2: Strikes out swinging
Batting: LHB José Villegas 0-0: Ball
1-0: Fly out, F8 (Flyball, 8LM)
Batting: RHB Robert Powell 0-0: Ball
1-0: Foul Ball, location: 2F
1-1: Ball
2-1: SINGLE (Groundball, 34)
Batting: SHB Cristo Ontiveros 0-0: Ball
1-0: Ball
2-0: Swinging Strike
2-1: Foul Ball, location: 2F
2-2: Ball
3-2: Foul Ball, location: 2F
3-2: Base on Balls
Robert Powell to second
Batting: RHB Mario Beltrán 0-0: Called Strike
0-1: Called Strike
0-2: Foul Ball, location: 2F
0-2: Ball
1-2: SINGLE (Line Drive, 6M)
Robert Powell to third
Cristo Ontiveros to second
Runner from 3rd tries for Home, SAFE, no throw or cutoff
Batting: LHB Fernando Camacho 0-0: Ball
1-0: Called Strike
1-1: Ball
2-1: Foul Ball, location: 2F
2-2: Ball
3-2: Foul Ball, location: 2F
3-2: Base on Balls
Cristo Ontiveros to third
Mario Beltrán to second
Batting: RHB Emílio Carrillo 0-0: Swinging Strike
0-1: SINGLE (Line Drive, 89M)
Cristo Ontiveros scores
Mario Beltrán to third
Fernando Camacho to second
Runner from 3rd tries for Home, SAFE, throw made home
Fernando Camacho to third
Emílio Carrillo to second
Batting: LHB Felipe Cruz 0-0: Ball
1-0: Ball
2-0: Ball
3-0: Called Strike
3-1: Base on Balls
Batting: RHB Gerald Burnett 0-0: Ball
1-0: Called Strike
1-1: Fly out, F9 (Flyball, 9LD)
Top of the 1st over - 3 run(s), 3 hit(s), 0 error(s), 3 left on base; Houston 3 - District 9 0
BOTTOM OF THE 1ST
District 9 Prawns batting - Pitching for Houston Hammertime : RHP Manny Estrada
Pitching: RHP Manny Estrada
Batting: RHB Alonso Holguín 0-0: Ball
1-0: Ground out 4-3 (Groundball, 34)
Batting: RHB Marcos Moreno 0-0: Ball
1-0: Ball
2-0: Ball
3-0: Foul Ball, location: 2F
3-1: Foul Ball, location: 2F
3-2: Base on Balls
Batting: LHB Leland Hardy 0-0: Ball
1-0: Ground out 3-1 (Groundball, 34S)
Marcos Moreno to second
Batting: LHB Ryan Hensley 0-0: SINGLE (Groundball, 34S)
Marcos Moreno to third
Runner from 3rd tries for Home, SAFE, no throw or cutoff
Batting: RHB Mal Snyder 0-0: Foul Ball, location: 2F
0-1: Fielders Choice at 2nd, U4 (Groundball, 4M)
Bottom of the 1st over - 1 run(s), 1 hit(s), 0 error(s), 1 left on base; Houston 3 - District 9 1
TOP OF THE 2ND
Houston Hammertime batting - Pitching for District 9 Prawns : RHP Bill McKinney
Batting: RHB John Pick 0-0: Foul Ball, location: 2F
0-1: Ball
1-1: Ground out 6-3 (Groundball, 6)
Batting: LHB José Villegas 0-0: Ground out 4-3 (Groundball, 4M)
Batting: RHB Robert Powell 0-0: Called Strike
0-1: Ball
1-1: Swinging Strike
1-2: Strikes out swinging
Top of the 2nd over - 0 run(s), 0 hit(s), 0 error(s), 0 left on base; Houston 3 - District 9 1
BOTTOM OF THE 2ND
District 9 Prawns batting - Pitching for Houston Hammertime : RHP Manny Estrada
Batting: RHB Alfredo Cortéz 0-0: Ball
1-0: Fly out, F4 (Line Drive, 4)
Batting: SHB Tommy Bourassa 0-0: Ball
1-0: Ground out 4-3 (Groundball, 4)
Batting: RHB Bill Beck 0-0: Ball
1-0: Foul Ball, location: 2F
1-1: Called Strike
1-2: Foul Ball, location: 2F
1-2: Foul Ball, location: 2F
1-2: Ball
2-2: Foul Ball, location: 2F
2-2: Strikes out swinging
Bottom of the 2nd over - 0 run(s), 0 hit(s), 0 error(s), 0 left on base; Houston 3 - District 9 1
TOP OF THE 3RD
Houston Hammertime batting - Pitching for District 9 Prawns : RHP Bill McKinney
Batting: SHB Cristo Ontiveros 0-0: Ball
1-0: Called Strike
1-1: Fly out, F8 (Flyball, 89XD)
Batting: RHB Mario Beltrán 0-0: Ball
1-0: Called Strike
1-1: Swinging Strike
1-2: SOLO HOME RUN (Line Drive, 7D), Distance : 411 ft
Batting: LHB Fernando Camacho 0-0: Ball
1-0: Ball
2-0: Called Strike
2-1: Ball
3-1: Base on Balls
Batting: RHB Emílio Carrillo 0-0: Ball
1-0: Called Strike
1-1: Foul Ball, location: 2F
1-2: Foul Ball, location: 2F
1-2: Ball
2-2: Fly out, F7 (Line Drive, 78M)
Batting: LHB Felipe Cruz 0-0: Called Strike
0-1: Ball
1-1: Called Strike
1-2: DOUBLE (Line Drive, 89XD)
Fernando Camacho to third
Batting: RHB Gerald Burnett 0-0: SINGLE (Line Drive, 56D)
Fernando Camacho scores
Felipe Cruz to third
Runner from 3rd tries for Home, SAFE, no throw or cutoff
Batting: RHB John Pick 0-0: Ball
1-0: Called Strike
1-1: Ball
2-1: Ball
3-1: Base on Balls
Gerald Burnett to second
Batting: LHB José Villegas 0-0: Foul Ball, location: 2F
0-1: Ball
1-1: Ball
2-1: Ground out U3 (Groundball, 3S)
Top of the 3rd over - 3 run(s), 3 hit(s), 0 error(s), 2 left on base; Houston 6 - District 9 1
BOTTOM OF THE 3RD
District 9 Prawns batting - Pitching for Houston Hammertime : RHP Manny Estrada
Batting: SHB Finley Frogley 0-0: Ball
1-0: Ball
2-0: Ball
3-0: Called Strike
3-1: Ground out 3-1 (Groundball, 34S)
Batting: RHB Alonso Holguín 0-0: Ball
1-0: Ball
2-0: Foul Ball, location: 2F
2-1: Called Strike
2-2: Fly out, F8 (Line Drive, 8LM)
Batting: RHB Marcos Moreno 0-0: Ball
1-0: Ball
2-0: Called Strike
2-1: Called Strike
2-2: Foul Ball, location: 2F
2-2: Ball
3-2: Ground out 6-3 (Groundball, 6)
Bottom of the 3rd over - 0 run(s), 0 hit(s), 0 error(s), 0 left on base; Houston 6 - District 9 1
TOP OF THE 4TH
Houston Hammertime batting - Pitching for District 9 Prawns : RHP Bill McKinney
Pitching: RHP Augusto Méndez
Batting: RHB Robert Powell 0-0: Called Strike
0-1: SINGLE (Groundball, 56)
Batting: SHB Cristo Ontiveros 0-0: Ball
1-0: Called Strike
1-1: Fly out, F7 (Flyball, 7D)
Batting: RHB Mario Beltrán 0-0: Called Strike
0-1: Foul Ball, location: 2F
0-2: Fly out, F4 (Popup, 8RS)
Batting: LHB Fernando Camacho 0-0: 2-RUN HOME RUN (Flyball, 78XD), Distance : 419 ft
Batting: RHB Emílio Carrillo 0-0: Ball
1-0: Ball
2-0: Ball
3-0: Called Strike
3-1: Base on Balls
Batting: LHB Felipe Cruz 0-0: Ball
1-0: Fly out, F8 (Flyball, 8LM)
Top of the 4th over - 2 run(s), 2 hit(s), 0 error(s), 1 left on base; Houston 8 - District 9 1
BOTTOM OF THE 4TH
District 9 Prawns batting - Pitching for Houston Hammertime : RHP Manny Estrada
Batting: LHB Leland Hardy 0-0: Ball
1-0: Swinging Strike
1-1: Ball
2-1: Foul Ball, location: 2F
2-2: Ground out 1-3 (Groundball, 13)
Batting: LHB Ryan Hensley 0-0: Called Strike
0-1: Ground out 4-3 (Groundball, 4)
Batting: RHB Mal Snyder 0-0: Ball
1-0: Called Strike
1-1: Ball
2-1: Ball
3-1: Swinging Strike
3-2: Strikes out looking
Bottom of the 4th over - 0 run(s), 0 hit(s), 0 error(s), 0 left on base; Houston 8 - District 9 1
TOP OF THE 5TH
Houston Hammertime batting - Pitching for District 9 Prawns : RHP Augusto Méndez
Batting: RHB Gerald Burnett 0-0: Called Strike
0-1: Foul Ball, location: 2F
0-2: Strikes out swinging
Batting: RHB John Pick 0-0: Ball
1-0: Called Strike
1-1: Swinging Strike
1-2: Foul Ball, location: 2F
1-2: Ball
2-2: Ball
3-2: SINGLE (Line Drive, 8LS)
Batting: LHB José Villegas 0-0: Swinging Strike
0-1: SINGLE (Line Drive, 4MD)
John Pick to second
Batting: RHB Robert Powell 0-0: Ball
1-0: Fly out, F8 (Flyball, 8LXD)
Runner from 2nd tags up, SAFE at 3rd, no throw
Batting: SHB Cristo Ontiveros 0-0: Called Strike
0-1: Ball
1-1: Called Strike
1-2: Fly out, F8 (Flyball, 8LM)
Top of the 5th over - 0 run(s), 2 hit(s), 0 error(s), 2 left on base; Houston 8 - District 9 1
BOTTOM OF THE 5TH
District 9 Prawns batting - Pitching for Houston Hammertime : RHP Manny Estrada
Batting: RHB Alfredo Cortéz 0-0: Called Strike
0-1: Ball
1-1: Swinging Strike
1-2: SINGLE (Flyball, 8RS)
Batting: SHB Tommy Bourassa 0-0: Called Strike
0-1: Ball
1-1: Ball
2-1: SINGLE (Line Drive, 9S)
Alfredo Cortéz to second
Batting: RHB Bill Beck 0-0: Ball
1-0: Called Strike
1-1: Ball
2-1: Called Strike
2-2: Grounds into double play, 5-4-3 (Groundball, 56)
Alfredo Cortéz to third
Batting: SHB Finley Frogley 0-0: Ball
1-0: SINGLE (Line Drive, 6M)
Alfredo Cortéz scores
Batting: RHB Alonso Holguín 0-0: Ball
1-0: Called Strike
1-1: Swinging Strike
1-2: Foul Ball, location: 2F
1-2: Ball
2-2: Foul Ball, location: 2F
2-2: Ball
3-2: Ground out 6-3 (Groundball, 6)
Bottom of the 5th over - 1 run(s), 3 hit(s), 0 error(s), 1 left on base; Houston 8 - District 9 2
TOP OF THE 6TH
Houston Hammertime batting - Pitching for District 9 Prawns : RHP Augusto Méndez
Pitching: RHP Troy Keough
Batting: RHB Mario Beltrán 0-0: Foul Ball, location: 2F
0-1: Foul Ball, location: 2F
0-2: Ball
1-2: Ball
2-2: Fly out, F9 (Line Drive, 89M)
Batting: LHB Fernando Camacho 0-0: Foul Ball, location: 2F
0-1: Ground out 4-3 (Groundball, 4M)
Batting: RHB Emílio Carrillo 0-0: Ball
1-0: Called Strike
1-1: Foul Ball, location: 2F
1-2: Ball
2-2: SINGLE (Line Drive, 56)
Batting: LHB Felipe Cruz 0-0: Called Strike
0-1: Ball
1-1: Foul Ball, location: 2F
1-2: Ball
2-2: Fly out, F6 (Popup, 6S)
Top of the 6th over - 0 run(s), 1 hit(s), 0 error(s), 1 left on base; Houston 8 - District 9 2
BOTTOM OF THE 6TH
District 9 Prawns batting - Pitching for Houston Hammertime : RHP Manny Estrada
Batting: RHB Marcos Moreno 0-0: Ball
1-0: Ball
2-0: Reached on error, E6 (Groundball, 6M)
Batting: LHB Leland Hardy 0-0: Ball
1-0: Ball
2-0: Swinging Strike
2-1: Called Strike
2-2: SINGLE (Flyball, 8RS)
Marcos Moreno to third
Runner from 3rd tries for Home, SAFE, no throw or cutoff
Batting: LHB Ryan Hensley 0-0: Called Strike
0-1: Ball
Leland Hardy steals 2nd base
1-1: Ground out 4-3 (Groundball, 4)
Leland Hardy to third
Batting: RHB Mal Snyder 0-0: Called Strike
0-1: Called Strike
0-2: Ball
1-2: Ball
2-2: Ball
3-2: Base on Balls
Batting: RHB Alfredo Cortéz 0-0: Ground out U3 (Groundball, 3S)
Leland Hardy scores
Mal Snyder to second
Batting: SHB Tommy Bourassa 0-0: Called Strike
0-1: Ground out 4-3 (Groundball, 4M)
Bottom of the 6th over - 2 run(s), 1 hit(s), 1 error(s), 1 left on base; Houston 8 - District 9 4
TOP OF THE 7TH
Houston Hammertime batting - Pitching for District 9 Prawns : RHP Troy Keough
Batting: RHB Gerald Burnett 0-0: Ground out 5-3 (Groundball, 56)
Batting: RHB John Pick 0-0: Called Strike
0-1: Foul Ball, location: 2F
0-2: Foul Ball, location: 2F
0-2: DOUBLE (Line Drive, 8LXD)
Batting: LHB José Villegas 0-0: Foul Ball, location: 2F
0-1: Foul Ball, location: 2F
0-2: Strikes out swinging
Batting: RHB Robert Powell 0-0: Ball
1-0: Called Strike
John Pick is caught stealing 3rd base
Top of the 7th over - 0 run(s), 1 hit(s), 0 error(s), 0 left on base; Houston 8 - District 9 4
BOTTOM OF THE 7TH
District 9 Prawns batting - Pitching for Houston Hammertime : RHP Manny Estrada
Pitching: RHP Lorenzo Ramos
Batting: RHB Bill Beck 0-0: Ball
1-0: Called Strike
1-1: Foul Ball, location: 2F
1-2: Strikes out swinging
Batting: SHB Finley Frogley 0-0: Called Strike
0-1: Fly out, F7 (Flyball, 7LS)
Batting: RHB Alonso Holguín 0-0: Called Strike
0-1: SINGLE (Line Drive, 34D)
Batting: RHB Marcos Moreno 0-0: Ball
1-0: Swinging Strike
1-1: SINGLE (Line Drive, 56)
Alonso Holguín to second
Batting: LHB Leland Hardy 0-0: SINGLE (Flyball, 7S)
Alonso Holguín to third
Marcos Moreno to second
Runner from 3rd tries for Home, SAFE, no throw or cutoff
Batting: LHB Ryan Hensley 0-0: Ball
1-0: Called Strike
1-1: Swinging Strike
1-2: Ball
2-2: Fielders Choice at 2nd, U6 (Groundball, 6M)
Bottom of the 7th over - 1 run(s), 3 hit(s), 0 error(s), 2 left on base; Houston 8 - District 9 5
TOP OF THE 8TH
Houston Hammertime batting - Pitching for District 9 Prawns : RHP Troy Keough
Pitching: RHP António García
Batting: RHB Robert Powell 0-0: Ball
1-0: DOUBLE (Line Drive, 9LM)
Batting: SHB Cristo Ontiveros 0-0: Intentional Walk
Batting: RHB Mario Beltrán 0-0: Grounds into double play, 6-4-3 (Groundball, 6)
Robert Powell to third
Batting: LHB Fernando Camacho 0-0: Called Strike
0-1: Fly out, F8 (Line Drive, 8RXD)
Top of the 8th over - 0 run(s), 1 hit(s), 0 error(s), 1 left on base; Houston 8 - District 9 5
BOTTOM OF THE 8TH
District 9 Prawns batting - Pitching for Houston Hammertime : RHP Lorenzo Ramos
Batting: RHB Mal Snyder 0-0: Called Strike
0-1: Ball
1-1: Ball
2-1: Ball
3-1: Fly out, F7 (Flyball, 7D)
Batting: RHB Alfredo Cortéz 0-0: Fly out, F8 (Flyball, 8RD)
Batting: SHB Tommy Bourassa 0-0: Fly out, F8 (Line Drive, 8RD)
Bottom of the 8th over - 0 run(s), 0 hit(s), 0 error(s), 0 left on base; Houston 8 - District 9 5
TOP OF THE 9TH
Houston Hammertime batting - Pitching for District 9 Prawns : RHP António García
Batting: RHB Emílio Carrillo 0-0: Called Strike
0-1: Ball
1-1: Ball
2-1: Ball
3-1: Called Strike
3-2: Foul Ball, location: 2F
3-2: Reached on error, E1 (Groundball, 15)
Batting: LHB Felipe Cruz 0-0: Called Strike
0-1: Called Strike
0-2: Fly out, F8 (Flyball, 8RXD)
Runner from 2nd tags up, SAFE at 3rd, no throw
Batting: RHB Gerald Burnett 0-0: Ball
1-0: Ball
2-0: Foul Ball, location: 2F
2-1: Ball
3-1: Base on Balls
Batting: RHB John Pick 0-0: Ball
1-0: Called Strike
1-1: Fly out, F9 (Flyball, 9M)
Batting: LHB José Villegas 0-0: Ball
1-0: Foul Ball, location: 2F
1-1: Ball
2-1: Ball
Wild Pitch!
Emílio Carrillo scores
Gerald Burnett to second
3-1: SINGLE (Line Drive, 89S)
Gerald Burnett to third
Batting: RHB Robert Powell 0-0: Ball
Wild Pitch!
Gerald Burnett scores
José Villegas to second
1-0: Foul Ball, location: 2F
1-1: Swinging Strike
1-2: Strikes out swinging
Top of the 9th over - 2 run(s), 1 hit(s), 1 error(s), 1 left on base; Houston 10 - District 9 5
BOTTOM OF THE 9TH
District 9 Prawns batting - Pitching for Houston Hammertime : RHP Lorenzo Ramos
Batting: RHB Bill Beck 0-0: Ball
1-0: Foul Ball, location: 2F
1-1: Ball
2-1: Ball
3-1: Foul Ball, location: 2F
3-2: Fly out, F7 (Flyball, 78D)
Pitching: RHP Ricardo Ontiveros
Batting: SHB Finley Frogley 0-0: Ball
1-0: Foul Ball, location: 2F
1-1: Foul Ball, location: 2F
1-2: Foul Ball, location: 2F
1-2: Ground out 4-3 (Groundball, 4)
Batting: RHB Alonso Holguín 0-0: Ball
1-0: Ball
2-0: Ball
3-0: Called Strike
3-1: Swinging Strike
3-2: Base on Balls
Batting: RHB Marcos Moreno 0-0: Ball
Wild Pitch!
Alonso Holguín to second
1-0: Called Strike
1-1: Swinging Strike
1-2: Strikes out swinging
Bottom of the 9th over - 0 run(s), 0 hit(s), 0 error(s), 1 left on base; Houston 10 - District 9 5
This league is powered by Out of the Park Baseball, the baseball management simulation game for PC, Mac and Linux
Wednesday, December 2nd, 2015 - OOTP Baseball 16.8 Build 38